AoeStats
← EL LEON

Baltic

510443537Analyzed
2v2 RM · 2d ago on Oct 1, 2026· 22m 34s· 4 players
Game mode
Random Map
Map size
Medium (4 player)
Population
200
Speed
Normal
Resources
Standard
Victory
Conquest
Starting age
Dark Age
Ending age
Imperial Age
RankedLock teamsTeams togetherTeam positionsShared explorationLock speedFull tech treeHidden civsTurbo modeCheats
Victory
Defeat
🇲🇽 Danes · Mexico
1158
+31
🇦🇷 Italians · Argentina
1078
+18
🇨🇴 Khitans · Colombia
1119
-16
🇲🇽 Italians · Mexico
1118
-16
Di3gh0st
9:58 Feudal Age
8:35 Loom
12:59 Double-Bit Axe
20:16 Wheelbarrow
22:26 Castle Age
20:52 Gold Mining
21:34 Stone Mining
21:26 Horse Collar
21:52 Padded Archer Armor
21:45 Fletching
AG ALEXKNG1
8:22 Loom
11:06 Feudal Age
12:19 Double-Bit Axe
13:19 Domestication
23:38 Castle Age
EL LEON
1:05 Loom
10:13 Feudal Age
10:38 Double-Bit Axe
10:48 Gold Mining
15:04 Horse Collar
16:13 Fishing Lines
19:42 Castle Age
20:55 Medium Warships
Ferchis
5:04 Loom
9:17 Feudal Age
20:14 Castle Age
18:26 Double-Bit Axe
19:26 Horse Collar
19:31 Fishing Lines
20:16 Gold Mining
Connection lost

Rejoining the realm…

Still unreachable

The connection could not be restored.

Session expired

The server has moved on; the page needs a fresh start.